 Dungeon Crawl Stone Soup version 0.30-a0-242-g7bf8e6d787 (webtiles) character file.

Game seed: 11043599577369076597

57 KennySheep the Changer (level 3, -1/27 HPs)
             Began as a Demigod Transmuter on Oct 12, 2022.
             Slain by a worm (11 damage)
             ... on level 2 of the Dungeon.
             The game lasted 00:01:59 (1011 turns).

KennySheep the Changer (Demigod Transmuter)         Turns: 1011, Time: 00:01:59

Health: -1/27      AC:  2    Str: 11    XL:     3   Next: 50%
Magic:  8/8        EV: 12    Int: 19    God:
Gold:   67         SH:  0    Dex: 14    Spells: 2/5 levels left

rFire   . . .      SeeInvis .      - Unarmed
rCold   . . .      Faith    .    (no shield)
rNeg    . . .      Spirit   .    a - +0 robe
rPois   .          Reflect  .    (helmet currently unavailable)
rElec   .          Harm     .    (no cloak)
rCorr   .          Rampage  .    (no gloves)
Will    .....                    (boots currently unavailable)
Stlth   +.........               (no amulet)
HPRegen 0.24/turn                (no ring)
MPRegen 0.11/turn                (no ring)

@: appendages (expiring)
A: horns 2, talons 2, high MP 1, forlorn, divine attributes
a: End Transformation


You were on level 2 of the Dungeon.
You had temporarily grown beastly horns and talons.
You visited 1 branch of the dungeon, and saw 2 of its levels.

You collected 67 gold pieces.

Inventory:

Armour
 a - a +0 robe (worn)
Scrolls
 c - a scroll of enchant armour {unknown}
 e - a scroll of identify {unknown}
 g - a scroll of amnesia {unknown}
 i - a scroll of enchant weapon {unknown}
Potions
 b - a potion of lignification
 d - 2 potions of attraction {unknown}
 f - a potion of magic {unknown}
 h - a potion of might {unknown}


   Skills:
 - Level 0.8 Fighting
 - Level 1.7 Dodging
 - Level 2.6 Unarmed Combat
 - Level 1.7 Spellcasting
 + Level 2.9 Transmutations
 + Level 2.0 Poison Magic


You had 2 spell levels left.
You knew the following spells:

 Your Spells              Type           Power      Damage    Failure   Level
a - Beastly Appendage     Tmut           24%        N/A       5%          1
b - Wereblood             Tmut           12%        N/A       8%          2

Your spell library contained the following spells:

 Spells                   Type           Power      Damage    Failure   Level
 Spider Form              Tmut/Pois      11%        N/A       19%         3
 Ice Form                 Ice/Tmut       7%         N/A       67%         4


Dungeon Overview and Level Annotations

Branches:
Dungeon (2/15)


Innate Abilities, Weirdness & Mutations

You have temporarily grown beastly horns and talons.
You have an increased reservoir of magic. (+10% MP)
You shall have no god before yourself.
Your divine heritage dramatically boosts your attributes as you level up.


Message History

You hit the worm.
The worm is lightly wounded.
You hit the worm. Your kick misses the worm.
The worm is heavily wounded.
The worm barely misses you.
You hit the worm but do no damage.
The worm is heavily wounded.
You hit the worm. Your headbutt misses the worm.
The worm is severely wounded.
The worm barely misses you.
You hit the worm. Your kick misses the worm.
The worm is almost dead.
You hit the worm. Your kick misses the worm.
The worm is almost dead.
The worm closely misses you.
You barely miss the worm. You claw the worm.
You kill the worm!
You closely miss the hobgoblin. Your headbutt misses the hobgoblin.
Your transformation is almost over.
The hobgoblin hits you.
You hit the hobgoblin. You claw the hobgoblin.
You kill the hobgoblin!
You barely miss the worm. You hit the worm but do no damage.
Your kick misses the worm.
You headbutt the worm, but do no damage.
The worm barely misses you.
You hit the worm. Your punch misses the worm.
The worm is moderately wounded.
You barely miss the worm. Your kick misses the worm.
The worm is moderately wounded.
The worm bites you!
You hit the worm but do no damage. You claw the worm, but do no damage.
The worm is moderately wounded.
You hit the worm. Your headbutt misses the worm.
The worm is heavily wounded.
The worm bites you.
You barely miss the worm. You headbutt the worm!
The worm is almost dead.
The worm bites you!
You die...

# ###.## # #
#))#.. #..
..⌠.## #.#.
⌠....# # #...
...⌠$# .#
#..##w⌠..# ..#
#...@# ....
##....####.....
####..#........#
#..............#
..#.##.#.######
#........#
####......#
..........###
#..........###


You could see a worm.

Vanquished Creatures
  An adder (D:2)
  A worm (D:2)
  3 dart slugs
  4 bats
  4 endoplasms (D:1)
  2 giant cockroaches (D:1)
  5 goblins
  3 hobgoblins
  5 jackals (D:1)
  2 ball pythons (D:1)
  A frilled lizard (D:1)
  3 kobolds
  A rat (D:1)
35 creatures vanquished.

Notes
Turn   | Place    | Note
-------+----------+-------------------------------------------
     0 | D:1      | KennySheep the Demigod Transmuter began the quest for the
                  | Orb.
     0 | D:1      | Reached XP level 1. HP: 15/15 MP: 5/5
   107 | D:1      | Reached skill level 1 in Poison Magic
   130 | D:1      | Reached XP level 2. HP: 4/22 MP: 5/7
   133 | D:1      | Learned a level 2 spell: Wereblood
   681 | D:1      | Reached XP level 3. HP: 23/27 MP: 6/8
  1011 | D:2      | Slain by a worm

Illustrated notes

Levels and vault maps discovered:
D:1:      dpeg_arrival_concentric_ovals, layout_loops_ring
D:2:      minmay_inner_zag, layout_rooms, minmay_hexomino_c4

Skill      XL: |  1  2  3 |
---------------+----------+-----
Transmutations | 2 |  2.9
Poison Magic   | 1 2 |  2.0
Fighting       | |  0.8
Dodging        | |  1.7
Unarmed Combat | |  2.6
Spellcasting   | |  1.7

Action                   || total
-------------------------++-------
Melee: Unarmed           ||   131
       Kick              ||    30
       Headbutt          ||    16
 Cast: Beastly Appendage ||    16
 Stab: Sleeping          ||     1
Armor: Robe              ||    28
Dodge: Dodged            ||   100

Table legend: (Time is in decaauts)
 A = Elapsed time spent in this place.
 B = Non-inter-level travel time spent in this place.
 C = Inter-level travel time spent in this place.
 D = Time resting spent in this place.
 E = Time spent auto-exploring this place.
 F = Levels seen in this place.
 G = Mean time per level.
                   A        B        C        D        E       F      G
               +--------+--------+--------+--------+--------+-----+--------+
         Total |   1004 |    930 |     74 |     72 |    635 |   2 |  502.0 |
       Dungeon |   1004 |    930 |     74 |     72 |    635 |   2 |  502.0 |
               +--------+--------+--------+--------+--------+-----+--------+

Top non-repeatable levels by time:
     D:1: 949 daAuts
     D:2: 55 daAuts
